 Dungeon Crawl Stone Soup version 0.25-a0-346-g140ab784a8 (webtiles) character file.

Game seed: 10772418317842739604, levelgen mode: deterministic

30 BritishOli the Slasher (level 3, 24/27 HPs)
             Began as a Demonspawn Gladiator on Dec 31, 2019.
             Got out of the dungeon alive.
             The game lasted 00:01:31 (731 turns).

BritishOli the Slasher (Demonspawn Gladiator)        Turns: 731, Time: 00:01:31

Health: 24/27      AC:  5    Str: 15    XL:     3   Next: 3%
Magic:  3/3        EV: 13    Int:  9    God:
Gold:   89         SH:  0    Dex: 14    Spells: 2/2 levels left

rFire    . . .     SeeInvis .   a - +0 long sword
rCold    . . .     Gourm    .   (no shield)
rNeg     . . .     Faith    .   b - +0 leather armour
rPois    .         Spirit   +   c - +0 helmet
rElec    .         Reflect  .   (no cloak)
rCorr    .         Harm     .   i - +0 pair of gloves
MR       .....                  (no boots)
Stlth    +.........             (no amulet)
HPRegen  0.09/turn              (no ring)
MPRegen  0.08/turn              (no ring)

@: no status effects
A: magic shield, rot immunity
a: no special abilities


You escaped.
You were not hungry.

You visited 1 branch of the dungeon, and saw 1 of its levels.

You collected 89 gold pieces.

Inventory:

Hand Weapons
 a - a +0 long sword (weapon)
Missiles
 d - 3 throwing nets (quivered)
Armour
 b - a +0 leather armour (worn)
 c - a +0 helmet (worn)
 i - a +0 pair of gloves (worn)
Jewellery
 j - an uncursed amulet of faith {unknown}
Scrolls
 g - a scroll of enchant weapon {unknown}
 h - a scroll of identify {unknown}
Potions
 e - a potion of magic {unknown}
Comestibles
 f - 3 rations


   Skills:
 + Level 2.1 Fighting
 + Level 3.3 Long Blades
 + Level 1.9 Throwing
 + Level 0.2 Armour
 + Level 3.0 Dodging
 + Level 0.1 Stealth


You had 2 spell levels left.
You didn't know any spells.
Your spell library was empty.

Dungeon Overview and Level Annotations

Branches:
Dungeon (1/15)

Altars:


Innate Abilities, Weirdness & Mutations

When hurt, damage is shared between your health and your magic reserves.
You are immune to rotting.


Message History

Where to? (Enter - D:1 @ (x,y), ? - help)
Okay, then.
There are no items here.
Things that are here:
a +0 club; a hobgoblin corpse
Things that are here:
4 stones; a kobold corpse You see here a stone.
You open the door.
There is an open door here.
There is an open door here.
There are no items here.
There are no items here.
There is an open door here.
There is an open door here.
There is an open door here.
There is an open door here.
There is a staircase leading out of the dungeon here.
Are you sure you want to leave the Dungeon?
This will make you lose the game!
You have escaped!

..###### +#'.+#'.'#'.#.......
#.##...## ##.###.###.###.#####.
#.#.....## +#'.+#'.+#'.##...## #.
#........# #.###.###.###.....###.
#........# #.'#'.+#'.##.)...#....
##>......# ###.###.#######.#.###.
##.....## #.+.'.#.# #.#####.
##...## ###.###.# #.....(. ##.##
#@# #.#####'###### #.#
#####..#.....#### ####.#
#.##............# ##.##.#
##.#..##......##.#
#...#.#########.....###....###.##
.....................###..###..+.
#.........#####...#...######....#
##.#..###.# #....#....# #.....#
###..# #.# #.#..#....# #.....#


There were no monsters in sight!

Vanquished Creatures
  An ooze (D:1)
  A dart slug (D:1)
  6 bats (D:1)
  A giant cockroach (D:1)
  2 goblins (D:1)
  4 hobgoblins (D:1)
  A frilled lizard (D:1)
  3 kobolds (D:1)
  4 rats (D:1)
23 creatures vanquished.

Notes
Turn   | Place    | Note
-------+----------+-------------------------------------------
     0 | D:1      | BritishOli the Demonspawn Gladiator began the quest for the
                  | Orb.
     0 | D:1      | Reached XP level 1. HP: 16/16 MP: 1/1
   198 | D:1      | Gained mutation: You are immune to rotting. [demonic
                  | ancestry]
   198 | D:1      | Reached XP level 2. HP: 18/22 MP: 2/2
   646 | D:1      | Gained mutation: When hurt, damage is shared between your
                  | health and your magic reserves. [demonic ancestry]
   646 | D:1      | Reached XP level 3. HP: 17/27 MP: 3/3
   731 | D:$      | Got out of the dungeon alive.

Levels and vault maps discovered:
D:1:      erik_arrival_triangle_large, layout_loops_corners, serial_glass,
          glass_columns_b, glass_columns_c, minivault_19

Skill      XL: |  1  2 |
---------------+-------+-----
Dodging        | 3 |  3.0
Long Blades    | 3 |  3.3
Fighting       | |  2.1
Throwing       | |  1.9
Armour         | |  0.2
Stealth        | |  0.1

Action                   || total
-------------------------++-------
Melee: Long sword        ||    58
Armor: Leather armour    ||    30
Dodge: Dodged            ||    42
       Rpst.: Long sword ||    15

Table legend:
 A = Non-vault XP
 B = Vault XP
 C = Vault XP percentage of total XP
 D = Non-vault monster count
 E = Vault monster count
 F = Vault count percentage of total count
                 A         B        C        D         E       F
            +---------+---------+-------+---------+---------+-------
      Total |      43 |       0 |   0.0 |      23 |       0 |   0.0
            +---------+---------+-------+---------+---------+-------
        D:1 |      43 |       0 |   0.0 |      23 |       0 |   0.0
            +---------+---------+-------+---------+---------+-------
